AoeStats
← Fryhan

Arena

510100075Analyzed
2v2 RM · 2d ago on Sep 29, 2026· 46m 48s· 4 players
Game mode
Random Map
Map size
Medium (4 player)
Population
200
Speed
Normal
Resources
Standard
Victory
Conquest
Starting age
Dark Age
Ending age
Imperial Age
RankedLock teamsTeams togetherTeam positionsShared explorationLock speedFull tech treeHidden civsTurbo modeCheats
Victory
Defeat
🇺🇸 Khmer · United States
757
+13
🇺🇸 Britons · United States
629
+17
🇮🇹 Khmer · Italy
678
-15
🇦🇷 Franks · Argentina
672
-15
lanciotto
12:08 Feudal Age
14:29 Horse Collar
17:37 Castle Age
16:55 Stone Mining
17:00 Gold Mining
18:13 Double-Bit Axe
18:32 Heavy Plow
19:30 Wheelbarrow
21:11 Stone Shaft Mining
21:14 Gold Shaft Mining
22:10 Hand Cart
27:47 Imperial Age
29:12 Double Crossbow
30:34 Chemistry
30:30 Bow Saw
31:56 Crop Rotation
32:07 Tusk Swords
31:37 Pikeman
33:11 Fortified Wall
32:54 Heated Shot
35:06 Elite Ballista Elephant
36:12 Padded Archer Armor
36:03 Fletching
36:24 Forging
36:10 Halberdier
43:40 Elite Battle Elephant
Fryhan
10:46 Feudal Age
11:15 Double-Bit Axe
17:47 Castle Age
32:07 Husbandry
31:28 Light Cavalry
33:17 Gold Mining
33:22 Stone Mining
34:15 Wheelbarrow
33:29 Loom
33:30 Town Watch
39:37 Imperial Age
37:27 Hand Cart
39:44 Cavalier
40:34 Scale Barding Armor
40:41 Forging
40:26 Fletching
40:39 Padded Archer Armor
40:39 Scale Mail Armor
40:50 Chivalry
41:13 Paladin
astonge7878
5:48 Loom
10:43 Feudal Age
16:05 Castle Age
14:26 Horse Collar
16:12 Double-Bit Axe
19:21 Wheelbarrow
23:17 Bow Saw
23:09 Heavy Plow
27:12 Hand Cart
30:09 Imperial Age
29:43 Husbandry
30:15 Bloodlines
30:20 Gold Mining
30:20 Stone Mining
30:38 Scale Barding Armor
30:43 Forging
31:47 Crop Rotation
31:06 Light Cavalry
32:16 Chain Barding Armor
32:46 Gold Shaft Mining
32:50 Stone Shaft Mining
33:37 Iron Casting
33:08 Tusk Swords
33:31 Elite Battle Elephant
35:51 Plate Barding Armor
37:26 Blast Furnace
36:17 Town Watch
38:56 Town Patrol
39:31 Hussar
41:49 Chemistry
BigPapaPump
11:31 Feudal Age
12:54 Wheelbarrow
12:34 Double-Bit Axe
13:07 Horse Collar
15:53 Gold Mining
19:00 Stone Mining
22:33 Castle Age
23:40 Hand Cart
23:42 Bow Saw
26:31 Gold Shaft Mining
29:37 Treadmill Crane
33:02 Imperial Age
31:10 Squires
33:02 Yeomen
34:20 Conscription
34:31 Ballistics
34:07 Murder Holes
35:13 Chemistry
34:17 Padded Archer Armor
34:08 Fletching
34:24 Scale Barding Armor
33:47 Pikeman
35:09 Scale Mail Armor
35:24 Leather Archer Armor
35:20 Forging
35:20 Warwolf
36:43 Chain Barding Armor
36:19 Bodkin Arrow
36:52 Halberdier
39:02 Elite Longbowman
41:05 Ring Archer Armor
45:13 Elite Skirmisher
Connection lost

Rejoining the realm…

Still unreachable

The connection could not be restored.

Session expired

The server has moved on; the page needs a fresh start.